 Dungeon Crawl Stone Soup version 0.17-a0-2098-gf59d6bc (webtiles) character file.

1087 4thArraOfDagon the Chopper (level 8, -3/42 HPs)
             Began as a Vine Stalker Skald on Oct 17, 2015.
             Was a Follower of Makhleb.
             Slain by a centaur warrior (10 damage)
             ... on level 10 of the Dungeon.
             The game lasted 00:10:54 (2003 turns).

4thArraOfDagon the Chopper (Vine Stalker Skald)     Turns: 2003, Time: 00:10:55

Health: -3/42      AC:  4    Str: 16    XL:     8   Next: 30%
Magic:  0/13       EV: 11    Int: 14    God:    Makhleb [*.....]
Gold:   223        SH:  0    Dex: 13    Spells: 3 memorised, 5 levels left

rFire  . . .     SeeInvis .     j - +0 war axe
rCold  . . .     Clarity  .     b - +0 leather armour
rNeg   . . .     SustAt   .     (no shield)
rPois  .         Gourm    .     (no helmet)
rElec  .         Spirit   +     (no cloak)
rCorr  .         Warding  .     (no gloves)
rMut   .         Stasis   .     h - +0 pair of boots
MR     +....                    f - amulet of regeneration
Stlth  +.........               (no ring)
                                (no ring)

@: about to teleport, somewhat resistant to hostile enchantments, very
unstealthy
A: fangs 3, regeneration 2, magic shield, antimagic bite, no device heal 3, rot
immunity
a: Renounce Religion


You were on level 10 of the Dungeon.
You worshipped Makhleb.
Makhleb was aware of your devotion.
You were not hungry.

You visited 1 branch of the dungeon, and saw 11 of its levels.

You collected 223 gold pieces.

Inventory:

Hand Weapons
 j - a +0 war axe (weapon)
Missiles
 g - 8 curare-tipped needles
Armour
 b - a +0 leather armour (worn)
 h - a +0 pair of boots (worn)
Jewellery
 f - an amulet of regeneration (around neck)
Wands
 n - a wand of slowing (12)
Scrolls
 i - a scroll of noise {unknown}
 k - a scroll of identify
 s - a scroll of recharging
 u - a scroll of fog {unknown}
Potions
 e - a potion of flight
 m - a potion of curing
 o - a potion of brilliance
Books
 c - a book of Battle

   Spells                             Type                      Level
   a - Infusion                       Charms                       1
   b - Shroud of Golubria             Charms/Translocation         2
   c - Song of Slaying                Charms                       2
   d - Spectral Weapon                Hexes/Charms                 3
   e - Regeneration                   Charms/Necromancy            3
 l - the Compendium of Combat Magic
   (You found it on level 5 of the Dungeon)

   Spells                             Type                      Level
   a - Magic Dart                     Conjuration                  1
   b - Fireball                       Conjuration/Fire             5
   c - Bolt of Fire                   Conjuration/Fire             6
 t - a book of Unlife

   Spells                             Type                      Level
   a - Recall                         Summoning/Translocation      3
   b - Animate Dead                   Necromancy                   4
   c - Control Undead                 Necromancy                   4
   d - Cigotuvi's Embrace             Necromancy                   5
   e - Death Channel                  Necromancy                   6
   f - Simulacrum                     Ice/Necromancy               6
Comestibles
 a - 3 chunks of flesh
 d - 3 bread rations
 r - a beef jerky


   Skills:
 + Level 4.1 Fighting
 * Level 5.4 Axes
 + Level 3.6 Armour
 - Level 0.7 Dodging
 + Level 2.9 Spellcasting
 - Level 3.0 Charms
 * Level 3.3 Necromancy
 + Level 1.2 Invocations


You had 5 spell levels left.
You knew the following spells:

 Your Spells              Type           Power        Failure   Level  Hunger
a - Infusion              Chrm           ##....       10%         1    #......
b - Regeneration          Chrm/Necr      ##........   24%         3    ###....
c - Spectral Weapon       Hex/Chrm       #.......     45%         3    ###....


Dungeon Overview and Level Annotations

Branches:
Dungeon (11/15)
 Temple: D:4-7         Lair: D:8-11         Orc: D:9-12

Altars:
Makhleb
The Shining One

Shops:
D:6 }   D:8 [

Annotations:
D:4 Dowan; Duvessa
D:5 cireshan's ghost, amateur DECj
D:8 Erolcha
D:9 LAIR, Ohli's ghost, novice DsFi


Innate Abilities, Weirdness & Mutations

You have razor-sharp teeth.
You heal very quickly.
When hurt, damage is shared between your health and your magic reserves.
Your bite disrupts and absorbs the magic of your enemies.
Potions and wands cannot restore your health.
You are immune to rotting.


Message History

That item cannot be evoked!
Unknown command.
Unknown command.
Read which item? (? for menu, Esc to quit)
As you read the scroll labeled CIDDEL EVOYTHE, it crumbles to dust.
You feel strangely unstable.
It was a scroll of teleportation.
The centaur warrior hits you. The centaur barely misses you.
You closely miss the centaur warrior. You hit the centaur but do no damage.
The centaur warrior barely misses you. The centaur hits you!
* * * LOW HITPOINT WARNING * * *
The centaur warrior hits you!
* * * LOW HITPOINT WARNING * * *
The centaur hits you.
* * * LOW HITPOINT WARNING * * *
Some of the chunks of flesh in your inventory have rotted away.
Unknown command.
Unknown command.
You barely miss the centaur warrior. You hit the centaur but do no damage.
The centaur warrior hits you!
You die...

#####.#######.#####.#
#.# #.# #.# #.# #.# #.#
#.# #.# #.# #.# #.# #.#
#####.#######.#####.####
<..............c@c......
#######################.


You could see a centaur warrior and a centaur.

Vanquished Creatures
  A centaur skeleton (D:7)
  2 ogres
  A centaur (D:6)
  A giant frog zombie (D:5)
  A gnoll shaman (D:7)
  4 hounds
  4 orc wizards
  2 giant frog skeletons
  Jessica (D:2)
  A worker ant (D:10)
  An iguana (D:5)
  A worker ant zombie (D:6)
  A river rat (D:9)
  3 adders
  3 gnolls (D:7)
  2 shadow imps
  An ooze (D:6)
  2 giant geckos (D:1)
  6 orcs
  2 ball pythons
  A bat (D:1)
  A goblin (D:1)
  4 jackals (D:6)
  2 kobolds
  A quokka (D:4)
  3 giant cockroaches
  A giant newt (D:7)
  2 rats
55 creatures vanquished.

Vanquished Creatures (others)
  A fungus (D:9)
  4 plants (D:9)
5 creatures vanquished.

Grand Total: 60 creatures vanquished

Notes
Turn   | Place    | Note
--------------------------------------------------------------
     0 | D:1      | 4thArraOfDagon the Vine Stalker Skald began the quest for the Orb.
     0 | D:1      | Reached XP level 1. HP: 11/11 MP: 4/4
    48 | D:1      | Reached skill level 1 in Armour
    97 | D:1      | Reached XP level 2. HP: 13/15 MP: 6/6
   286 | D:2      | 5 by mistake
   301 | D:2      | Noticed Jessica
   307 | D:2      | Killed Jessica
   307 | D:2      | Reached XP level 3. HP: 14/18 MP: 4/7
   438 | D:4      | Noticed Dowan
   439 | D:4      | Noticed Duvessa
   447 | D:5      | Entered Level 5 of the Dungeon
   449 | D:5      | Noticed cireshan's ghost (amateur DECj)
   472 | D:5      | Identified the Compendium of Combat Magic (You found it on level 5 of the Dungeon)
   552 | D:5      | Reached XP level 4. HP: 16/23 MP: 5/8
   587 | D:6      | Found Exijoemi's Gadget Emporium.
   593 | D:6      | Learned a level 3 spell: Regeneration
   805 | D:5      | Found a burning altar of Makhleb.
   807 | D:5      | Reached XP level 5. HP: 22/27 MP: 9/9
   813 | D:5      | Noticed an Executioner
   817 | D:5      | Noticed a ynoxinul
   817 | D:5      | Noticed a smoke demon
   819 | D:5      | Became a worshipper of Makhleb the Destroyer
   839 | D:5      | Found a glowing golden altar of the Shining One.
   866 | D:5      | Noticed an ogre
  1037 | D:7      | Noticed a centaur skeleton
  1056 | D:7      | Killed a centaur skeleton
  1056 | D:7      | Reached skill level 4 in Axes
  1056 | D:7      | Gained mutation: You heal very quickly. [Vine Stalker growth]
  1056 | D:7      | Reached XP level 6. HP: 9/33 MP: 7/10
  1056 | D:7      | Reached XP level 7. HP: 10/37 MP: 7/11
  1075 | D:7      | Learned a level 3 spell: Spectral Weapon
  1127 | D:6      | Reached skill level 1 in Necromancy
  1159 | D:6      | Noticed a centaur
  1170 | D:6      | Killed a centaur
  1170 | D:6      | Reached skill level 5 in Axes
  1346 | D:8      | Noticed Erolcha
  1492 | D:8      | Reached * piety under Makhleb
  1544 | D:8      | Found Jipazoaq's Antique Armour Shoppe.
  1592 | D:8      | Noticed a hungry ghost
  1654 | D:10     | Entered Level 10 of the Dungeon
  1715 | D:10     | Found Xoinag's Book Shop.
  1739 | D:10     | Gained mutation: You have razor-sharp teeth. [Vine Stalker growth]
  1739 | D:10     | Reached XP level 8. HP: 24/42 MP: 9/13
  1807 | D:10     | Reached skill level 1 in Invocations
  1842 | D:10     | Noticed a gargoyle
  1930 | D:9      | Noticed Ohli's ghost (novice DsFi)
  1997 | D:11     | Noticed a centaur warrior
  2003 | D:10     | Slain by a centaur warrior

Vault maps used:
D:1:      sevenhm_arrival_forest_fort_small_4, serial_bayou_ford_a
D:2:      uniq_jessica
D:3:      minmay_goblin_kobold_castle, okawaru_gym_becter
D:4:      uniq_duvessa, uniq_edmund
D:5:      tso_oasis_becter, serial_shops, shop, first_bread,
          grunt_ministairs_15, makhleb_altar_promises_db
D:6:      grunt_qazlal_clouds, gammafunk_temple_overflow_elements, temple_hall,
          serial_shops, shop
D:7:      kennysheep_little_box
D:8:      lemuel_coloured_pillars_altar, tgw_xom, serial_shops, shop,
          hangedman_little_slice_of_home, minmay_item_behind_shaft, uniq_erolcha
D:9:      minmay_lair_entry_grove, trog_hazing_becter
D:10:     hiddenorc1_lemuel, serial_shops,
          nicolae_shop_temple_entry_statues_fountains, shop,
          minmay_sticks_and_stones
D:11:     enter_bailey_3, grunt_decor_fettered, grunt_dithmenos_smoke,
          uniq_gastronok

Action                   |  1- 3 |  4- 6 |  7- 9 || total
-------------------------+-------+-------+-------++-------
Melee: Hand axe          |    47 |    70 |    37 ||   154
       War axe           |       |       |   114 ||   114
Throw: Throwing net      |       |     1 |       ||     1
 Cast: Infusion          |     1 |       |       ||     1
Evoke: Wand              |       |       |     4 ||     4
  Use: Scroll            |       |     4 |     4 ||     8
       Potion            |       |       |     1 ||     1
  Eat: Chunk             |       |     1 |     5 ||     6
